 Dungeon Crawl Stone Soup version 0.31-a0-851-g7ff8af7976 (webtiles) character file.

Game seed: 6872363659131224936

8343 croobank the Covert (level 11, -2/111 HPs)
             Began as an Octopode Ice Elementalist on Oct 7, 2023.
             Was an Initiate of Gozag.
             Slain by a cyclops (11 damage)
             ... on level 11 of the Dungeon.
             The game lasted 00:43:21 (11221 turns).

croobank the Covert (Octopode Ice Elementalist)    Turns: 11221, Time: 00:43:22

Health: -2/111     AC: 37    Str: 21    XL:     11   Next: 29%
Magic:  27/29      EV:  2    Int: 21    God:    Gozag
Gold:   595        SH:  0    Dex: 18    Spells: 7/23 levels left

rFire   + + .        f - +1 dagger of Ohynuera {freeze, Dex+6}
rCold   . . .        e - orb {light}
rNeg    . . .        (helmet currently unavailable)
rPois   +            j - amulet of magic regeneration
rElec   +            k - +4 ring of protection
rCorr   +            B - ring of willpower
SInv    .            i - ring "Nemur" {Fire +Blink MP+9 Slay+3}
Will    ++...        h - +4 ring of slaying
Stlth   ++           N - +6 ring of strength
HPRegen 0.38/turn    F - ring of willpower
MPRegen 0.61/turn    P - +6 ring of strength
                     (no ring)

%: no passive effects
@: mighty, ice-armoured, tree-form, resistant, glowing
A: stationary, stasis, torment immunity, boosted hp, almost no armour,
(amphibious), 8 rings, (camouflage 1), (gelatinous body 1), (nimble swimmer 1),
(tentacles)
a: Renounce Religion, Evoke Blink, Potion Petition, Call Merchant, Bribe Branch


You were on level 11 of the Dungeon.
You worshipped Gozag.
Gozag was pleased with you.
You were a tree.
You visited 2 branches of the dungeon, and saw 12 of its levels.

You collected 1270 gold pieces.
You spent 182 gold pieces at shops.
You paid 493 gold pieces to Gozag.

Inventory:

Hand Weapons
 a - a +3 whip
 b - a +0 sling
 f - the +1 dagger of Ohynuera (weapon) {freeze, Dex+6}
   (You bought it in a shop on level 1 of the Dungeon)

   Dex+6:     It affects your dexterity (+6).
 p - a +5 flail
 r - a +4 short sword
 t - a +0 orcbow
 u - a +0 war axe
 w - a +2 falchion
 D - a +0 trident of venom
 M - a +4 scimitar of flaming
 O - a +5 hand axe of freezing
Missiles
 n - 32 poisoned darts
 I - 7 boomerangs (quivered)
 L - a throwing net
Armour
 e - an orb of light (worn)
Magical Staves
 C - a staff of fire
 K - a staff of poison
Jewellery
 h - a +4 ring of slaying (on tentacle)
 i - the ring "Nemur" (on tentacle) {Fire +Blink MP+9 Slay+3}
   (You acquired it on level 6 of the Dungeon)

   [ring of fire]

   Fire:      It enhances your fire magic.
   Slay+3:    It affects your accuracy & damage with ranged weapons and melee
   (+3).
   rF+:       It protects you from fire.
   rC-:       It makes you vulnerable to cold.
   MP+9:      It affects your magic capacity (+9).
   +Blink:    It lets you blink.
 j - an amulet of magic regeneration (around neck)
 k - a +4 ring of protection (left branch)
 B - a ring of willpower (right branch)
 F - a ring of willpower (on tentacle)
 N - a +6 ring of strength (on tentacle)
 P - a +6 ring of strength (on tentacle)
Wands
 y - a wand of charming (12)
 H - a wand of digging (4)
Scrolls
 d - a scroll of amnesia
 m - 3 scrolls of fog
 o - 3 scrolls of revelation
 s - 2 scrolls of fear
 x - 2 scrolls of teleportation
 E - 2 scrolls of enchant armour
 Q - a scroll of identify
 R - a scroll of vulnerability
Potions
 c - 4 potions of curing
 g - a potion of magic
 l - a potion of haste
 q - a potion of enlightenment
 v - 3 potions of invisibility
 z - a potion of mutation
 A - a potion of brilliance
 G - a potion of lignification
 J - a potion of degeneration


   Skills:
 + Level 6.7 Fighting
 * Level 6.6 Short Blades
 + Level 7.0 Dodging
 + Level 10.1 Stealth
 + Level 6.5 Spellcasting
 * Level 4.4 Summonings
 + Level 7.9 Ice Magic


You had 7 spell levels left.
You knew the following spells:

 Your Spells              Type           Power      Damage    Failure   Level
a - Freeze                Ice            100%       1d10      1%          1
b - Frozen Ramparts       Ice            80%        1d13      1%          3
c - Ozocubu's Armour      Ice            40%        N/A       1%          3
d - Summon Ice Beast      Ice/Summ       32%        N/A       7%          4
e - Summon Forest         Summ/Tloc      8%         N/A       71%         5

Your spell library contained the following spells:

 Spells                   Type           Power      Damage    Failure   Level
 Ensorcelled Hibernation  Hex/Ice        46%        N/A       2%          2
 Apportation              Tloc           12%        N/A       10%         1
 Jinxbite                 Hex            12%        N/A       14%         2
 Lesser Beckoning         Tloc           12%        N/A       14%         2
 Passwall                 Tmut/Erth      5%         N/A       14%         2
 Gell's Gravitas          Tloc           6%         N/A       28%         3
 Swiftness                Air            6%         N/A       28%         3
 Teleport Other           Tloc           6%         N/A       28%         3
 Tukima's Dance           Hex            6%         N/A       28%         3
 Passage of Golubria      Tloc           6%         N/A       67%         4
 Alistair's Intoxication  Tmut/Pois      4%         N/A       95%         5
 Yara's Violent Unravell  Hex/Tmut       3%         3d4       95%         5
 Ozocubu's Refrigeration  Ice            20%        4d11      96%         7
 Eringya's Noxious Bog    Tmut/Pois      3%         4d6       100%        6
 Summon Hydra             Summ           12%        N/A       100%        7


Dungeon Overview and Level Annotations

Branches:
Dungeon (11/15)            Temple (1/1) D:4             Orc (0/2) D:9
   Lair: D:8-11

Altars:
Ashenzari
Cheibriados
Dithmenos
Elyvilon
Fedhas
Gozag
Hepliaklqana
Kikubaaqudgha
Makhleb
Nemelex Xobeh
Okawaru
Qazlal
Ru
Sif Muna
Trog
Uskayaw
Vehumet
Wu Jian
Xom
Yredelemnul
Zin
The Shining One
Lugonu

Shops:
D:1 (((*=


Innate Abilities, Weirdness & Mutations

You are a tree.
Your roots penetrate the ground, keeping you stationary.
You cannot be teleported.
You are immune to unholy pain and torment.
Your maximum health is greatly increased.
You cannot wear most types of armour.
((You are amphibious.))
You can wear up to eight rings at the same time.
((Your skin changes colour to match your surroundings (Stealth+).))
((Your rubbery body absorbs attacks. (AC +1, EV +1)))
((You are camouflaged when in or above water. (Stealth+)))
((You have tentacles for arms and can constrict up to eight enemies at once.))


Message History

There is an open door, spattered with blood here.
You open the door.
There is an open door here.
Done exploring.
Done exploring.
There is a stone staircase leading down here.
You climb downwards.
Found a dagger and a scroll of teleportation.
Found a stone staircase leading up.
There is a stone staircase leading up here.
A cyclops is nearby!
Found 12 gold pieces.
The cyclops shouts!
Found a dagger.
The cyclops throws a large rock.
The large rock hits you!! The cyclops hits you!!
* * * LOW HITPOINT WARNING * * *
You turn into a tree.
Your roots penetrate the ground.
Casting: Freeze (safe; 1% risk of failure)
Confirm with . or Enter, or press ? or * to list all spells.
A film of ice covers your body! The cyclops hits you!!
* * * LOW HITPOINT WARNING * * *
[a] - 378 gold - resistance and might [b] - 648 gold - resistance, might and haste [c] - 350 gold - haste and brilliance Purchase which effect?
You no longer have enough gold to fund merchants seeking to open stores in the dungeon.
You feel protected.
You feel very mighty all of a sudden.
The cyclops hits you but does no damage.
You puncture the cyclops! You freeze the cyclops.
The cyclops is lightly wounded.
Casting: Ozocubu's Armour (safe; 1% risk of failure)
Confirm with . or Enter, or press ? or * to list all spells.
Aiming: Freeze (safe; 1% risk of failure)
Press: ? - help, Shift-Dir - straight line, f - cyclops
Aim: a cyclops, quivering large rocks (lightly wounded, haloed)
You freeze the cyclops.
The cyclops is lightly wounded.
The cyclops hits you!
You die...
Your body crumbles into a pile of gold.

...##.....##
.......#.$.
.......#.###
......#...#
#........####
#..........##
##C...........
#..♣...<..)...
#....#........#
#....##.<.......
#....) #.........
#................
#................
................##
....#..#..?......#
####..........


You could see a cyclops.

Vanquished Creatures
  Erica (D:8)
  A two-headed ogre (D:10)
  Pikel (D:7)
  An unseen horror (D:10)
  A hornet (D:9)
  9 yaks (D:10)
  Eustachio (D:5)
  Edmund (D:6)
  2 water moccasins
  Duvessa (D:7)
  An ice beast (D:7)
  2 orc warriors
  4 sky beasts
  A black bear (D:7)
  6 ogres
  A centaur (D:7)
  2 lemures (D:7)
  A phantom (D:5)
  4 kobold brigands
  6 bullfrogs
  A gnoll sergeant (D:9)
  3 scorpions
  7 wights
  Dowan (D:7)
  9 killer bees (D:9)
  2 howler monkeys
  6 hounds
  A jelly (D:5)
  A gnoll bouda (D:6)
  10 orc priests
  2 sleepcaps
  2 iguanas
  10 orc wizards
  12 gnolls
  9 adders
  A white imp (D:7)
  A worm (D:5)
  2 dart slugs
  41 orcs
  5 bats
  6 endoplasms
  5 giant cockroaches
  5 goblins
  5 hobgoblins
  13 jackals
  2 quokkas
  A ball python (D:1)
  4 frilled lizards
  22 kobolds
  3 rats
  2 rat zombies (D:3)
  A spectral hobgoblin (D:1)
242 creatures vanquished.

Vanquished Creatures (collateral kills)
  An orc priest (D:9)
1 creature vanquished.

Grand Total: 243 creatures vanquished

Notes
Turn   | Place    | Note
-------+----------+-------------------------------------------
     0 | D:1      | croobank the Octopode Ice Elementalist began the quest for
                  | the Orb.
     0 | D:1      | Reached XP level 1. HP: 11/11 MP: 3/3
   120 | D:1      | Found Kopep's Jewellery Shop.
   135 | D:1      | Found a faded altar of an unknown god.
   186 | D:1      | Found Yffulacy's Antique Weapon Emporium.
   208 | D:1      | Found Isuocw's Assorted Antiques.
   553 | D:1      | Reached skill level 3 in Stealth
   553 | D:1      | Reached XP level 2. HP: 14/17 MP: 5/5
   705 | D:1      | Found Guhul's Weapon Emporium.
   706 | D:1      | Found Fauxin's Antique Weapon Shop.
  1108 | D:2      | Reached XP level 3. HP: 15/22 MP: 6/6
  1151 | D:2      | Learned a level 3 spell: Frozen Ramparts
  1323 | D:2      | Reached skill level 1 in Fighting
  1323 | D:2      | Reached XP level 4. HP: 5/28 MP: 3/7
  2372 | D:3      | Reached skill level 4 in Stealth
  2372 | D:3      | Reached XP level 5. HP: 17/34 MP: 5/9
  2472 | D:3      | Found an ancient bone altar of Kikubaaqudgha.
  2593 | D:3      | Learned a level 3 spell: Ozocubu's Armour
  3408 | D:4      | Found a staircase to the Ecumenical Temple.
  3416 | Temple   | Entered the Ecumenical Temple
  3457 | D:4      | Noticed an ogre
  3471 | D:4      | Killed an ogre
  3472 | D:4      | Reached XP level 6. HP: 39/39 MP: 7/10
  3526 | D:4      | Reached skill level 5 in Stealth
  3539 | D:4      | Reached skill level 5 in Ice Magic
  3612 | D:4      | Reached XP level 7. HP: 45/45 MP: 7/12
  3802 | D:4      | Found a glowing golden altar of the Shining One.
  3805 | D:4      | Found a stormy altar of Qazlal.
  3808 | D:4      | Found a snail-covered altar of Cheibriados.
  3809 | D:4      | Found a broken altar of Ashenzari.
  4141 | D:4      | Found a sparkling altar of Nemelex Xobeh.
  4281 | D:5      | Entered Level 5 of the Dungeon
  4597 | D:5      | Reached skill level 6 in Stealth
  4600 | D:5      | Reached XP level 8. HP: 52/52 MP: 6/14
  4664 | D:5      | Identified the +0 cloak "Bosox" {rF+ Will+ Str+2}
  4900 | D:5      | Noticed Eustachio
  4911 | D:5      | Killed Eustachio
  5199 | D:6      | Reached skill level 7 in Stealth
  5612 | D:6      | Noticed Edmund
  5637 | D:5      | Reached skill level 5 in Dodging
  6066 | D:1      | Bought a fine dagger for 182 gold pieces
  6066 | D:1      | Identified the +1 dagger of Ohynuera {freeze, Dex+6} (You
                  | bought it in a shop on level 1 of the Dungeon)
  6224 | D:6      | Killed Edmund
  6225 | D:6      | Reached skill level 1 in Short Blades
  6261 | D:6      | Reached XP level 9. HP: 59/59 MP: 10/16
  6307 | D:6      | Identified a scroll of acquirement
  6309 | D:6      | Acquired the ring "Nemur" {Fire +Blink MP+9 Slay+3}
  6632 | D:7      | Reached skill level 5 in Spellcasting
  6649 | D:7      | Noticed Dowan
  6652 | D:7      | Noticed Duvessa
  6673 | D:7      | Killed Duvessa
  6674 | D:7      | Killed Dowan
  6781 | D:7      | Reached skill level 8 in Stealth
  6783 | D:7      | Reached skill level 5 in Fighting
  7081 | D:7      | Noticed Pikel
  7090 | D:7      | Killed Pikel
  7135 | D:7      | Found a shimmering altar of Xom.
  7445 | D:7      | Reached XP level 10. HP: 66/66 MP: 18/18
  7694 | D:7      | Found an opulent altar of Gozag.
  7704 | D:7      | Became a worshipper of Gozag Ym Sagoz the Greedy
  7710 | D:7      | Learned a level 4 spell: Summon Ice Beast
  7818 | D:8      | Reached skill level 9 in Stealth
  8060 | D:8      | Reached skill level 1 in Summonings
  8171 | D:8      | Found a burning altar of Makhleb.
  8171 | D:8      | Found a glowing silver altar of Zin.
  8172 | D:8      | Noticed an angel
  8172 | D:8      | Noticed a green death
  8244 | D:8      | Found a radiant altar of Vehumet.
  8305 | D:8      | Noticed Erica
  8331 | D:8      | Killed Erica
  8332 | D:8      | Reached skill level 5 in Short Blades
  8622 | D:8      | Found a basalt altar of Yredelemnul.
  8770 | D:9      | Found a staircase to the Orcish Mines.
  9848 | D:10     | Entered Level 10 of the Dungeon
  9949 | D:10     | Killed an unseen horror
 10276 | D:10     | Noticed a two-headed ogre
 10283 | D:10     | Reached XP level 11. HP: 74/74 MP: 20/20
 10287 | D:10     | Killed a two-headed ogre
 10288 | D:10     | Reached skill level 10 in Stealth
 10368 | D:10     | Learned a level 5 spell: Summon Forest
 10762 | D:10     | Found an ornate altar of the Wu Jian Council.
 11213 | D:11     | Noticed a cyclops
 11221 | D:11     | Slain by a cyclops

Illustrated notes

Levels and vault maps discovered:
D:1:      lemuel_arrival_behind_the_door_small, layout_basic,
          dreamdust_ecumenical_altar_drowned_temple, serial_shops,
          nicolae_shop_rolling_square, shop, shop, shop, nicolae_square_shop,
          minmay_misc_feat_ornament, nrook_loot_triangle, nicolae_eternal_life
D:2:      layout_basic
D:3:      layout_basic, lemuel_zombie_altar_kikubaaqudgha
D:4:      layout_cave_pods, nemelex_dance_club_becter,
          mainiacjoe_overflow_alcove_3, minmay_temple_entry_grid, minmay_cut_off
D:5:      nicolae_cairo_tiling, layout_loops_ring, uniq_eustachio
D:6:      layout_cave_pools, uniq_edmund
D:7:      minmay_inner_zag, layout_loops_ring, general_overflow_altar,
          mainiacjoe_overflow_catwalk, uniq_pikel, uniq_duvessa
D:8:      minmay_skewed_foursquare, layout_cave_pools,
          grunt_temple_overflow_order_and_chaos_2, nicolae_vehumet_radiance,
          mainiacjoe_overflow_six_doors_small, dreamdust_wishing_well,
          uniq_erica
D:9:      layout_long_grid, erik_orc_3
D:10:     layout_irregular_city, lemuel_doored_altar
D:11:     layout_cave_pools, lair_entry_dummy
Temple:   corrupted_temple

Skill      XL: |  1  2  3  4  5  6  7  8  9 10 11 |
---------------+----------------------------------+-----
Stealth        | 3 4 5 6 7 8 9 10 | 10.1
Fighting       | 1 2 3 4 5 6 |  6.7
Dodging        | 3 4 5 6 7 |  7.0
Spellcasting   | 3 4 5 6 |  6.5
Ice Magic      | 5 6 7 |  7.9
Short Blades   | 1 4 6 |  6.6
Summonings     | 3 4 |  4.4

Action                     |  1- 3 |  4- 6 |  7- 9 | 10-12 || total
---------------------------+-------+-------+-------+-------++-------
  Melee: Whip              |    34 |    52 |    69 |       ||   155
         Unarmed           |     7 |       |       |       ||     7
         Constrict         |    12 |    13 |    31 |    20 ||    76
         Tentacles         |     5 |    18 |    45 |    50 ||   118
         Punch             |     1 |       |     4 |     2 ||     7
         Dagger            |       |       |    67 |   126 ||   193
  Throw: Throwing net      |       |     1 |     1 |     3 ||     5
         Dart              |       |     4 |     5 |    22 ||    31
         Boomerang         |       |       |       |     6 ||     6
   Cast: Freeze            |    13 |     2 |    17 |     9 ||    41
         Frozen Ramparts   |     2 |    19 |    43 |    27 ||    91
         Ozocubu's Armour  |       |     8 |    35 |    26 ||    69
         Summon Ice Beast  |       |       |       |     1 ||     1
 Invoke: Potion Petition   |       |       |       |     1 ||     1
  Evoke: Wand              |       |       |     2 |       ||     2
    Use: Scroll            |     2 |     3 |    10 |     5 ||    20
         Potion            |     1 |       |     1 |     2 ||     4
   Stab: Sleeping          |     8 |     7 |     6 |     3 ||    24
         Distracted        |       |       |       |     2 ||     2
         Held in net/web   |       |       |       |     2 ||     2
 Armour: Skin              |    27 |    23 |   121 |    52 ||   223
  Dodge: Dodged            |    25 |    28 |   141 |    66 ||   260

Table legend: (Time is in decaauts)
 A = Elapsed time spent in this place.
 B = Non-inter-level travel time spent in this place.
 C = Inter-level travel time spent in this place.
 D = Time resting spent in this place.
 E = Time spent auto-exploring this place.
 F = Levels seen in this place.
 G = Mean time per level.
                   A        B        C        D        E       F      G
               +--------+--------+--------+--------+--------+-----+--------+
         Total |  11178 |  10697 |    481 |   2180 |   6441 |  12 |  931.5 |
       Dungeon |  11176 |  10696 |    480 |   2180 |   6441 |  11 | 1016.0 |
        Temple |      1 |      0 |      1 |      0 |      0 |   1 |    1.0 |
               +--------+--------+--------+--------+--------+-----+--------+

Top non-repeatable levels by time:
     D:5: 1509 daAuts
    D:10: 1336 daAuts
     D:2: 1315 daAuts
     D:7: 1183 daAuts
     D:9: 1156 daAuts
     D:1: 1126 daAuts
     D:4: 1036 daAuts
     D:3: 1008 daAuts
     D:8: 858 daAuts
     D:6: 639 daAuts
    D:11: 7 daAuts
  Temple: 1 daAuts
